 Dungeon Crawl Stone Soup version 0.29.0-4-gdea44cf6ec (webtiles) character file.

Game seed: 8288279349696465443

59 qw the Chopper (level 4, 0/26 HPs)
             Began as a Tengu Warper on Aug 28, 2022.
             Succumbed to a kobold's poison
             ... on level 2 of the Dungeon.
             The game lasted 00:00:07 (1266 turns).

qw the Chopper (Tengu Warper)                       Turns: 1266, Time: 00:00:07

Health: 0/26       AC:  5    Str: 13    XL:     4   Next: 3%
Magic:  8/8        EV: 11    Int: 14    God:
Gold:   98         SH:  0    Dex: 13    Spells: 7/7 levels left

rFire   . . .      SeeInvis .   Y - +2 war axe
rCold   . . .      Faith    .   (no shield)
rNeg    . . .      Spirit   .   o - +0 ring mail
rPois   .          Reflect  .   (helmet restricted)
rElec   .          Harm     .   (no cloak)
rCorr   .          Rampage  .   (no gloves)
Will    .....                   (boots unavailable)
Stlth   +.........              (no amulet)
HPRegen 0.08/turn               (no ring)
MPRegen 0.11/turn               (no ring)

@: lethally poisoned (0 -> -3)
A: beak, talons 3
a: no special abilities


You were on level 2 of the Dungeon.
You visited 1 branch of the dungeon, and saw 2 of its levels.

You collected 98 gold pieces.


Innate Abilities, Weirdness & Mutations

You have a beak for a mouth.
You have claws for feet.


   Skills:
 - Level 2.0 Fighting
 + Level 4.6 Axes
 - Level 1.0 Throwing
 - Level 1.1 Armour
 - Level 2.1 Dodging
 - Level 2.0 Spellcasting
 - Level 2.4 Translocations


You had 7 spell levels left.
You didn't know any spells.
Your spell library contained the following spells:

 Spells                   Type           Power      Damage    Failure   Level
 Blink                    Tloc           16%        N/A       28%         2
 Gell's Gravitas          Tloc           8%         N/A       50%         3
 Lesser Beckoning         Tloc           8%         N/A       50%         3
 Teleport Other           Tloc           8%         N/A       50%         3
 Manifold Assault         Tloc           8%         N/A       99%         5

Inventory:

Hand Weapons
 j - a +0 club
 Y - a +2 war axe (weapon)
Armour
 c - a +0 scale mail
 o - a +0 ring mail (worn)
Scrolls
 b - a scroll of fear {unknown}
 d - a scroll of teleportation
 k - a scroll of identify
Potions
 a - a potion of haste {unknown}
 e - a potion of degeneration {unknown}
 f - a potion of heal wounds {unknown}
 h - a potion of curing {unknown}
 i - a potion of ambrosia {unknown}
 n - a potion of might {unknown}
 q - a potion of attraction {unknown}

Dungeon Overview and Level Annotations

Branches:
Dungeon (2/15)

Altars:


Message History

The kobold throws a poisoned dart.
The poisoned dart closely misses you.
1237 ||| FLEEEEING.
1238 ||| FLEEEEING.
1239 ||| FLEEEEING.
1240 ||| FLEEEEING.
1241 ||| FLEEEEING.
The kobold throws a poisoned dart.
The poisoned dart closely misses you.
1242 ||| FLEEEEING.
1243 ||| FLEEEEING.
1245 ||| FLEEEEING.
1246 ||| FLEEEEING.
1247 ||| FLEEEEING.
1248 ||| FLEEEEING.
1249 ||| FLEEEEING.
1250 ||| FLEEEEING.
1251 ||| FLEEEEING.
The kobold throws a poisoned dart.
The poisoned dart hits you!
You are poisoned.
1252 ||| FLEEEEING.
You feel sick.
1253 ||| FLEEEEING.
You feel sick.
1254 ||| FLEEEEING.
You feel sick.
You feel sick.
You feel sick.
You feel sick.
You feel sick.
You are no longer poisoned.
1259 ||| FLEEEEING.
1261 ||| FLEEEEING.
The kobold throws a poisoned dart.
The poisoned dart hits you!
You are lethally poisoned!
1262 ||| FLEEEEING.
You feel very sick.
1263 ||| FLEEEEING.
You feel sick.
You feel sick.
You feel sick.
You die...

# ####...........................
# ##..###########......#####.# #
##..## #............. # ##..###
#............# # ##...##
##............#
#####..#####.............#
########.........##....####.....#
.......#......##.##....# #.....#
.......#......##@##....####.....#
.......#......##.##.###.#.####..#
########......##.##.# ##.#.# #..#
#########..#.# #.#.## #..#
##.#.####.#.###..#
#......####.....# #......#
#.....# ########
###....####....## ........
#............#.


There were no monsters in sight!

Vanquished Creatures
  Jessica (D:2)
  An adder (D:2)
  A ball python (D:1)
  2 giant cockroaches (D:1)
  4 goblins
  3 hobgoblins
  4 kobolds (D:1)
  2 quokkas (D:1)
  2 bats (D:1)
  2 rats (D:1)
22 creatures vanquished.

Notes
Turn   | Place    | Note
-------+----------+-------------------------------------------
     0 | D:1      | qw the Tengu Warper began the quest for the Orb.
     0 | D:1      | Reached XP level 1. HP: 12/12 MP: 4/4
     0 | D:1      | 0 ||| qw: Version: 0.1-a-89-g26bdef1
     0 | D:1      | 0 ||| qw: Game counter: 782
     0 | D:1      | 0 ||| qw: Always use a shield: true
     0 | D:1      | 0 ||| qw: God list: Okawaru
     0 | D:1      | 0 ||| qw: Allow faded altars: false
     0 | D:1      | 0 ||| qw: Do Orc after D:15 true
     0 | D:1      | 0 ||| qw: Do second Lair branch before Depths: true
     0 | D:1      | 0 ||| qw: Lair rune preference: random
     0 | D:1      | 0 ||| qw: Plans: Normal
     0 | D:1      | 0 ||| PLANNING D:1-11
    16 | D:1      | Found a faded altar of an unknown god.
   221 | D:1      | Reached XP level 2. HP: 17/17 MP: 6/6
   229 | D:1      | Reached skill level 3 in Axes
   309 | D:1      | 309 ||| Stepping ~*~*~tactically~*~*~ (stealth).
   311 | D:1      | 311 ||| Stepping ~*~*~tactically~*~*~ (stealth).
   460 | D:1      | 460 ||| SWAPPING to +0 war axe.
   461 | D:1      | 461 ||| DROPPING +0 hand axe.
   650 | D:1      | 650 ||| UPGRADING to +0 ring mail.
   660 | D:1      | 660 ||| DROPPING +0 leather armour.
   661 | D:1      | 661 ||| READING scroll labelled PATIOD LOONE.
   662 | D:1      | 662 ||| READING scroll labelled DYSKEL HALI.
   663 | D:1      | 663 ||| READING 2 scrolls labelled PUSUC WESIJYWI.
   664 | D:1      | 664 ||| READING 2 scrolls labelled AFAMOD OVAU.
   665 | D:1      | 665 ||| READING scroll of enchant weapon.
   665 | D:1      | 665 ||| ENCHANTING +1 war axe.
   666 | D:1      | 666 ||| READING scroll labelled SUCHEC ECKE.
   670 | D:1      | 670 ||| DRINKING 2 purple potions.
   774 | D:1      | 774 ||| DROPPING scroll of blinking.
   775 | D:1      | 775 ||| DROPPING potion of berserk rage.
   854 | D:2      | Reached XP level 3. HP: 13/21 MP: 7/7
  1039 | D:2      | 1039 ||| Stepping ~*~*~tactically~*~*~ (stealth).
  1040 | D:2      | 1040 ||| Stepping ~*~*~tactically~*~*~ (stealth).
  1046 | D:2      | Reached skill level 4 in Axes
  1229 | D:2      | Noticed Jessica
  1235 | D:2      | Killed Jessica
  1236 | D:2      | Reached XP level 4. HP: 15/26 MP: 8/8
  1236 | D:2      | 1236 ||| FLEEEEING.
  1237 | D:2      | 1237 ||| FLEEEEING.
  1238 | D:2      | 1238 ||| FLEEEEING.
  1239 | D:2      | 1239 ||| FLEEEEING.
  1240 | D:2      | 1240 ||| FLEEEEING.
  1241 | D:2      | 1241 ||| FLEEEEING.
  1242 | D:2      | 1242 ||| FLEEEEING.
  1243 | D:2      | 1243 ||| FLEEEEING.
  1245 | D:2      | 1245 ||| FLEEEEING.
  1246 | D:2      | 1246 ||| FLEEEEING.
  1247 | D:2      | 1247 ||| FLEEEEING.
  1248 | D:2      | 1248 ||| FLEEEEING.
  1249 | D:2      | 1249 ||| FLEEEEING.
  1250 | D:2      | 1250 ||| FLEEEEING.
  1251 | D:2      | 1251 ||| FLEEEEING.
  1252 | D:2      | 1252 ||| FLEEEEING.
  1253 | D:2      | 1253 ||| FLEEEEING.
  1254 | D:2      | 1254 ||| FLEEEEING.
  1259 | D:2      | 1259 ||| FLEEEEING.
  1261 | D:2      | 1261 ||| FLEEEEING.
  1262 | D:2      | 1262 ||| FLEEEEING.
  1262 | D:2      | HP: 6/26 [poisoned by a kobold]
  1263 | D:2      | 1263 ||| FLEEEEING.
  1265 | D:2      | HP: 1/26 [poisoned by a kobold]
  1266 | D:2      | Succumbed to a kobold's poison

Levels and vault maps discovered:
D:1:      psy_arrival_basics, layout_rooms,
          chequers_ecumenical_altar_simple_redux, chequers_arboretum,
          chequers_serial_rivers_micro_c, minmay_tree_intersection
D:2:      layout_basic, minivault_24, uniq_jessica

Skill      XL: |  1  2  3 |
---------------+----------+-----
Axes           | 3 4 |  4.6
Fighting       | |  2.0
Throwing       | |  1.0
Armour         | |  1.1
Dodging        | |  2.1
Spellcasting   | |  2.0
Translocations | |  2.4

Action                   |  1- 3 |  4- 6 || total
-------------------------+-------+-------++-------
Melee: Hand axe          |    33 |       ||    33
       Peck              |     4 |       ||     4
       War axe           |    17 |       ||    17
       Kick              |    13 |       ||    13
       Punch             |     1 |       ||     1
Throw: Boomerang         |     7 |       ||     7
  Use: Scroll            |     6 |       ||     6
       Potion            |     1 |       ||     1
Armor: Leather armour    |    10 |       ||    10
Dodge: Dodged            |    28 |     2 ||    30

Table legend:
 A = Non-vault XP
 B = Vault XP
 C = Vault XP percentage of total XP
 D = Non-vault monster count
 E = Vault monster count
 F = Vault count percentage of total count
                 A         B        C        D         E       F
            +---------+---------+-------+---------+---------+-------
      Total |      48 |      37 |  43.5 |      21 |       1 |   4.5
            +---------+---------+-------+---------+---------+-------
        D:1 |      28 |       0 |   0.0 |      16 |       0 |   0.0
        D:2 |      20 |      37 |  64.9 |       5 |       1 |  16.7
            +---------+---------+-------+---------+---------+-------
